 Dungeon Crawl Stone Soup version 0.16.1-4-g8e1b745 (webtiles) character file.

29315 inmateoo the Grappler (level 13, -10/83 HPs)
             Began as a Gargoyle Monk on Mar 27, 2015.
             Was a High Priest of Cheibriados.
             Killed from afar by a frost giant (45 damage)
             ... with a bolt of cold
             ... on level 12 of the Dungeon.
             The game lasted 00:22:02 (12742 turns).

inmateoo the Grappler (Gargoyle Monk)              Turns: 12742, Time: 00:22:02

Health: -10/83     AC: 22    Str: 35      XL:     13   Next: 44%
Magic:  33/34      EV: 26    Int: 14 (17) God:    Cheibriados [*****.]
Gold:   812        SH:  0    Dex: 36      Spells: 0 memorised, 22 levels left

rFire  + . .     SeeInvis .       - Unarmed
rCold  . . .     Rnd*Rage +     P - +3 leather armour "Wecidaod" {Dex+6}
rNeg   + . .     SustAb   .     (no shield)
rPois  ∞         Gourm    .     (no helmet)
rElec  +         Spirit   .     l - +0 cloak
rCorr  +         Warding  .     a - +2 pair of gloves {archery}
rMut   .         Stasis   .     y - +0 pair of boots of the Forest {rF+ rCorr MP+9 Int-5}
MR     .....                    h - amulet of regeneration
Stlth  +++.......               j - +3 ring of evasion
                                p - +3 ring of dexterity

@: mighty, very slightly contaminated, invisible, very slow, not resistant to
hostile enchantments, fairly stealthy
A: talons 1, berserk 1, negative energy resistance 1, screaming 1, electricity
resistance, unbreathing, petrification resistance, rot immunity, AC +9
a: Bend Time, Temporal Distortion, Slouch, Step From Time, Renounce Religion


You were on level 12 of the Dungeon.
You worshipped Cheibriados.
Cheibriados was extremely pleased with you.
You were not hungry.

You visited 1 branch of the dungeon, and saw 13 of its levels.
You also visited: Sewer and Bailey.

You collected 812 gold pieces.

Inventory:

Hand weapons
 e - a +3 short sword of electrocution
Missiles
 t - 13 poisoned needles
Armour
 a - a +2 pair of gloves of archery (worn)
 l - a +0 cloak (worn)
 y - the +0 pair of boots of the Forest (worn) {rF+ rCorr MP+9 Int-5}
   (You found it on level 4 of the Dungeon)

   It affects your intelligence (-5).
   It protects you from fire.
   It affects your magic capacity (+9).
   It protects you from acid and corrosion.
 P - the +3 leather armour "Wecidaod" (worn) {Dex+6}
   (You found it on level 10 of the Dungeon)

   It affects your dexterity (+6).
Jewellery
 h - an amulet of regeneration (around neck)
 i - a +5 ring of intelligence
 j - a +3 ring of evasion (right hand)
 p - a +3 ring of dexterity (left hand)
 s - an uncursed amulet of warding
 u - a cursed amulet of stasis
 E - an uncursed amulet of guardian spirit
 T - an uncursed ring of sustain abilities
Magical devices
 m - a wand of flame (26)
 q - a wand of polymorph (10)
 C - a wand of polymorph (11)
 I - a wand of lightning (5)
 L - a wand of enslavement (8)
Scrolls
 c - 3 scrolls of enchant armour
 r - 2 scrolls of recharging
 x - a scroll of teleportation
 A - 7 scrolls of fog
 D - 12 scrolls of identify
 G - 4 scrolls of remove curse
 H - a scroll of fear
 O - a scroll of magic mapping
 S - a scroll of enchant weapon
Potions
 d - 6 potions of agility
 g - 3 potions of restore abilities
 k - a potion of might
 n - 4 potions of magic
 o - 3 potions of resistance
 v - 7 potions of curing
 K - 2 potions of brilliance
 M - 2 potions of beneficial mutation
 N - a potion of invisibility
Books
 B - a book of Summonings

   Spells                             Type                      Level
   a - Abjuration                     Summoning                    3
   b - Recall                         Summoning/Translocation      3
   c - Shadow Creatures               Summoning                    5
   d - Summon Demon                   Summoning                    5
   e - Summon Forest                  Summoning/Translocation      5
   f - Monstrous Menagerie            Summoning                    6
 F - a book of Envenomations

   Spells                             Type                      Level
   a - Spider Form                    Transmutation/Poison         3
   b - Alistair's Intoxication        Transmutation/Poison         4
   c - Olgreb's Toxic Radiance        Poison                       4
   d - Poisonous Cloud                Conjuration/Poison/Air       6
 R - a book of Unlife

   Spells                             Type                      Level
   a - Recall                         Summoning/Translocation      3
   b - Animate Dead                   Necromancy                   4
   c - Control Undead                 Necromancy                   4
   d - Cigotuvi's Embrace             Necromancy                   5
   e - Death Channel                  Necromancy                   6
   f - Simulacrum                     Ice/Necromancy               6
Comestibles
 b - 8 bread rations
 f - 6 beef jerkies
 w - 6 meat rations
 z - 12 fruits
 Q - 9 royal jellies


   Skills:
 + Level 10.5 Fighting
 + Level 10.1 Armour
 + Level 8.5 Dodging
 - Level 2.1 Stealth
 * Level 13.5 Unarmed Combat
 + Level 5.0 Spellcasting
 + Level 7.0 Invocations


You had 22 spell levels left.
You didn't know any spells.

Dungeon Overview and Level Annotations

Branches:
Dungeon (13/15)            Temple (0/1) D:5            Lair (0/8) D:10
    Orc (0/4) D:11
 Vaults: D:13-14

Altars:
Ashenzari
Cheibriados
Dithmenos
Fedhas
Gozag
Kikubaaqudgha
Makhleb
Okawaru
Sif Muna
Trog
Xom
Yredelemnul


Innate Abilities, Weirdness & Mutations

You are resistant to torment.
You are immune to poison.
Your stone body is very resilient (AC +9).
You resist negative energy.
You are resistant to electric shocks.
You can survive without breathing.
You are immune to petrification.
You are immune to rotting.
You have sharp toenails.
You tend to lose your temper in combat.
You occasionally shout uncontrollably at your foes.


Message History

The blast of calcifying dust hits you!
You strike the helpless catoblepas from behind!
You hit the catoblepas!!
The catoblepas is moderately wounded.
The catoblepas closely misses you.
You catch the helpless catoblepas completely off-guard!
You hit the catoblepas!!!
You punch the catoblepas, but do no damage.
The catoblepas is almost dead.
The catoblepas breathes a plume of calcifying dust at you.
The blast of calcifying dust hits you!
You hit the catoblepas!
You kill the catoblepas!
Cheibriados appreciates the change of pace.
Your Spellcasting skill increases to level 5!
Your Invocations skill increases to level 7!
The frost giant casts a spell at you. The bolt of cold hits you!
Ouch! That really hurt!
You die...

##.######.##..........##
##.##....##.)###########
##.##.####.####........##
#.##)##..##.##.########.## ###
#.#.##....##..##......##.## #..
##.#.#.)))..####.######.##.## #.#
.#†#.#......###.##§...##.##)###.#
##.#.##...).##.##§####.##.##.##.#
#.##.##.)#.#.##@## ##.##)#.##.#
##.##.####.#.#)## ##.#.#.##.#
###.##.....#.#C# #.#.#.##.#
#.##.#####.#.##. #.#.#.#..#
##.###....#.##.### ##.#.#.####
...# ####.##.##.)## ##.##.#.#
#### ##(##.###.####.##.##.#
##.##).##....##.##†##
##.###.######.##.##


You could see a frost giant.

Vanquished Creatures
  A shadow dragon (D:12)
  A vampire knight (D:12)
  A hydra (D:12)
  A rakshasa (D:12)
  A catoblepas (D:12)
  The ghost of Rayvis the Fighter, an experienced DsFi of Makhleb (Bailey)
  A tengu warrior (D:12)
  5 skeletal warriors
  An unseen horror (D:12)
  8 hill giants
  A manticore (D:12)
  An ugly thing (D:12)
  3 cyclopes
  Maurice (D:11)
  Joseph (D:7)
  4 centaur zombies
  A gargoyle (D:12)
  A centaur skeleton (D:12)
  A queen bee (D:10)
  A komodo dragon (D:10)
  A merfolk (D:9)
  Grinder (D:3)
  3 slime creatures (D:12)
  2 trolls
  3 two-headed ogres
  2 deep elf magi (D:12)
  A wyvern (D:12)
  A wraith (D:12)
  Eustachio (D:5)
  6 yaks
  A mottled dragon (D:12)
  A hungry ghost (D:12)
  2 vampire mosquitoes (D:12)
  2 steam dragons
  4 hippogriffs
  A soldier ant (D:12)
  Edmund (D:8)
  2 phantoms
  4 ice beasts
  A swamp drake (D:11)
  A sky beast (D:10)
  A black bear (D:10)
  3 orc warriors
  6 ogres
  A necrophage (D:11)
  6 centaurs
  Sigmund (D:7)
  Duvessa (D:7)
  3 giant frogs
  3 big kobolds
  Blork the orc (D:5)
  A brain worm (D:12)
  4 crocodiles
  8 scorpions
  2 water moccasin zombies (D:5)
  21 killer bees
  A wyvern skeleton (D:12)
  A vampire bat (D:7)
  6 wights
  Dowan (D:7)
  3 crimson imps
  3 goliath beetles
  A quasit (D:10)
  Crazy Yiuf (D:2)
  10 hounds
  4 jellies
  4 orc priests
  A giant frog skeleton (D:12)
  11 iguanas
  5 worker ants
  7 orc wizards
  Ijyb (D:2)
  A hound skeleton (D:5)
  A mummy (D:11)
  11 adders
  19 gnolls
  2 giant mites (D:3)
  3 shadow imps
  3 worms
  2 adder skeletons (D:4)
  6 giant geckos
  An ooze (D:3)
  56 orcs
  2 ball pythons
  20 bats
  3 bat skeletons
  4 bat zombies (D:7)
  12 goblins
  28 hobgoblins
  9 jackals
  2 quokkas (D:2)
  9 giant cockroaches
  8 giant newts
  33 kobolds
  11 rats
  A ballistomycete (D:12)
446 creatures vanquished.

Vanquished Creatures (others)
  A giant spore (D:12)
1 creature vanquished.

Grand Total: 447 creatures vanquished

Notes
Turn   | Place    | Note
--------------------------------------------------------------
     0 | D:1      | inmateoo, the Gargoyle Monk, began the quest for the Orb.
     0 | D:1      | Reached XP level 1. HP: 14/14 MP: 1/1
    94 | D:1      | Reached XP level 2. HP: 9/19 MP: 2/2
   355 | D:1      | Reached skill level 1 in Armour
   523 | D:1      | Reached XP level 3. HP: 23/23 MP: 3/3
   886 | D:2      | Noticed Ijyb
   892 | D:2      | Killed Ijyb
   968 | D:2      | Noticed Crazy Yiuf
   975 | D:2      | Killed Crazy Yiuf
   975 | D:2      | Reached XP level 4. HP: 12/29 MP: 4/4
  1391 | D:2      | Found an opulent altar of Gozag.
  1617 | D:2      | Reached XP level 5. HP: 33/33 MP: 5/5
  1904 | D:3      | Reached skill level 5 in Unarmed Combat
  2018 | D:3      | Noticed Grinder
  2027 | D:3      | Killed Grinder
  2027 | D:3      | Reached XP level 6. HP: 34/39 MP: 6/6
  2330 | D:3      | Found a deep blue altar of Sif Muna.
  2699 | D:3      | Found a shattered altar of Ashenzari.
  3168 | D:4      | Found a burning altar of Makhleb.
  3412 | D:4      | Found an iron altar of Okawaru.
  3446 | D:4      | Got a pair of transparent boots
  3452 | D:4      | Identified the +0 pair of boots of the Forest {rF+ rCorr MP+9 Int-5} (You found it on level 4 of the Dungeon)
  3496 | D:4      | Found a blossoming altar of Fedhas.
  3641 | D:4      | Found a shimmering altar of Xom.
  3694 | D:4      | Reached XP level 7. HP: 33/44 MP: 7/7
  3812 | D:4      | Reached skill level 6 in Unarmed Combat
  3962 | D:5      | Entered Level 5 of the Dungeon
  4076 | D:5      | Noticed Eustachio
  4099 | D:5      | Killed Eustachio
  4099 | D:5      | Reached skill level 5 in Fighting
  4113 | D:5      | Gained mutation: You have sharp toenails. [potion of mutation]
  4113 | D:5      | Gained mutation: You occasionally shout uncontrollably at your foes. [potion of mutation]
  4113 | D:5      | Gained mutation: You tend to lose your temper in combat. [potion of mutation]
  4155 | D:5      | Found a staircase to the Ecumenical Temple.
  4458 | D:5      | Noticed Blork the orc
  4471 | D:5      | Killed Blork the orc
  4608 | D:5      | Reached XP level 8. HP: 44/49 MP: 8/8
  4691 | D:5      | Identified a scroll of acquirement
  4737 | D:5      | Reached skill level 7 in Unarmed Combat
  4894 | D:5      | Found a basalt altar of Yredelemnul.
  5176 | D:6      | Reached skill level 5 in Armour
  5247 | D:6      | Reached skill level 8 in Unarmed Combat
  5255 | D:6      | Reached XP level 9. HP: 36/55 MP: 9/9
  5265 | D:6      | Found a glowing drain.
  5274 | D:6      | Reached skill level 5 in Dodging
  5300 | Sewer    | Entered a sewer
  5613 | D:6      | Found a bloodstained altar of Trog.
  5742 | D:6      | Found a shadowy altar of Dithmenos.
  5782 | D:7      | Noticed Sigmund
  5830 | D:7      | Killed Sigmund
  5881 | D:7      | Noticed Joseph
  5901 | D:7      | Reached skill level 9 in Unarmed Combat
  5924 | D:7      | Killed Joseph
  6228 | D:7      | Found a flagged portal.
  6239 | Bailey   | Entered a bailey
  6308 | Bailey   | Noticed Rayvis' ghost (experienced DsFi)
  6327 | Bailey   | Killed Rayvis' ghost
  6327 | Bailey   | Reached XP level 10. HP: 23/63 MP: 3/10
  6414 | Bailey   | Reached skill level 10 in Unarmed Combat
  6960 | D:7      | Found an ancient bone altar of Kikubaaqudgha.
  7174 | D:8      | Noticed Dowan
  7181 | D:8      | Noticed Duvessa
  7203 | D:7      | Killed Duvessa
  7215 | D:7      | Killed Dowan
  7763 | D:8      | Noticed Edmund
  7772 | D:8      | Killed Edmund
  7790 | D:8      | Found a shadowy altar of Dithmenos.
  7860 | D:8      | Found a snail-covered altar of Cheibriados.
  8244 | D:8      | Became a worshipper of Cheibriados the Contemplative
  8244 | D:8      | Acquired Cheibriados' first power
  8345 | D:10     | Entered Level 10 of the Dungeon
  8820 | D:10     | Acquired Cheibriados' second power
  8847 | D:9      | Reached skill level 1 in Invocations
  8892 | D:9      | Reached skill level 11 in Unarmed Combat
  9071 | D:9      | Reached XP level 11. HP: 61/69 MP: 13/13
  9128 | D:9      | Acquired Cheibriados' third power
  9550 | D:10     | Got a smoking leather armour
  9561 | D:10     | Identified the +3 leather armour "Wecidaod" {Dex+6} (You found it on level 10 of the Dungeon)
  9661 | D:10     | Noticed a hill giant
  9673 | D:10     | Killed a hill giant
  9733 | D:10     | Noticed a hill giant
  9744 | D:10     | Killed a hill giant
  9744 | D:10     | Reached skill level 1 in Spellcasting
  9746 | D:10     | Acquired Cheibriados' fourth power
  9974 | D:10     | Found a staircase to the Lair.
 10591 | D:11     | Noticed a hill giant
 10604 | D:11     | Killed a hill giant
 10674 | D:11     | Noticed a hill giant
 10681 | D:11     | Killed a hill giant
 10681 | D:11     | Reached skill level 12 in Unarmed Combat
 10839 | D:11     | Noticed Maurice
 10853 | D:11     | Killed Maurice
 11051 | D:11     | Found a staircase to the Orcish Mines.
 11224 | D:11     | Reached XP level 12. HP: 69/76 MP: 20/20
 11870 | D:12     | Reached skill level 5 in Invocations
 12281 | D:12     | Reached skill level 10 in Fighting
 12423 | D:12     | Reached skill level 13 in Unarmed Combat
 12542 | D:12     | Reached XP level 13. HP: 78/82 MP: 23/23
 12575 | D:12     | Noticed a six-headed hydra
 12576 | D:12     | Noticed a rakshasa
 12576 | D:12     | Noticed a tengu warrior
 12582 | D:12     | Killed a tengu warrior
 12583 | D:12     | Killed a six-headed hydra
 12583 | D:12     | Killed a rakshasa
 12675 | D:12     | Reached skill level 10 in Armour
 12706 | D:12     | Noticed a vampire knight
 12717 | D:12     | Noticed a shadow dragon
 12718 | D:12     | Killed a vampire knight
 12725 | D:12     | Noticed a catoblepas
 12734 | D:12     | Killed a shadow dragon
 12735 | D:12     | Noticed a frost giant
 12742 | D:12     | Killed a catoblepas
 12742 | D:12     | Reached skill level 5 in Spellcasting
 12742 | D:12     | Killed from afar by a frost giant

Action                   |  1- 3 |  4- 6 |  7- 9 | 10-12 | 13-15 || total
-------------------------+-------+-------+-------+-------+-------++-------
Melee: Unarmed           |    72 |       |       |   703 |    78 ||   853
       Short sword       |    44 |   205 |   403 |   199 |       ||   851
Invok: Slouch            |       |       |       |       |     4 ||     4
Evoke: Wand              |       |       |     1 |       |       ||     1
  Use: Scroll            |     5 |     5 |    12 |    10 |       ||    32
       Potion            |       |       |     3 |       |     3 ||     6
 Stab: Sleeping          |     1 |       |     4 |    10 |     2 ||    17
       Distracted        |       |       |       |     3 |       ||     3
       Confused          |       |       |       |     2 |       ||     2
       Petrified         |       |       |       |       |     4 ||     4
       Invisible         |       |       |       |       |     2 ||     2
  Eat: Chunk             |       |     8 |    12 |    20 |       ||    40
       Pizza             |       |       |       |     3 |       ||     3
